 Dungeon Crawl Stone Soup version 0.25-a0-558-g78a2afb0af (webtiles) character file.

Game seed: 10032022750446278390, levelgen mode: classic

2477 EnegeticOcto the Chopper (level 9, 26/85 HPs)
             Began as a Deep Dwarf Fighter on Feb 24, 2020.
             Quit the game on level 8 of the Dungeon.
             The game lasted 00:02:34 (3910 turns).

EnegeticOcto the Chopper (Deep Dwarf Fighter)       Turns: 3910, Time: 00:02:35

Health: 26/85      AC: 15    Str: 24    XL:     9   Next: 27%
Magic:  6/6        EV:  8    Int:  8    God:
Gold:   165        SH: 10    Dex: 12    Spells: 8/8 levels left

rFire    . . .     SeeInvis .   a - +0 war axe
rCold    . . .     Gourm    .   c - +0 kite shield
rNeg     . . .     Faith    .   h - +0 chain mail
rPois    +         Spirit   .   n - +1 helmet
rElec    .         Reflect  .   (no cloak)
rCorr    .         Harm     .   m - +0 pair of gloves
MR       +....                  g - +0 pair of boots
Stlth    ..........             (no amulet)
HPRegen  0.00/turn              o - ring of poison resistance
MPRegen  0.10/turn              (no ring)

@: non-regenerating
A: damage resistance, heal wounds, sense surroundings 2, no regeneration
a: Heal Wounds


You were on level 8 of the Dungeon.
You were near starving.

You visited 2 branches of the dungeon, and saw 9 of its levels.

You collected 165 gold pieces.

Inventory:

Hand Weapons
 a - a +0 war axe (weapon)
Armour
 c - a +0 kite shield (worn)
 g - a +0 pair of boots (worn)
 h - a +0 chain mail (worn)
 m - a +0 pair of gloves (worn)
 n - a +1 helmet (worn)
Jewellery
 o - a ring of poison resistance (left hand)
Wands
 i - a wand of flame (21)
Scrolls
 d - a scroll of enchant armour
 j - a scroll of teleportation {@r2}
 u - a scroll of remove curse {@r6}
Potions
 f - a potion of cancellation {unknown}
 k - a potion of might {@q3}
 l - a potion of flight {unknown}
 q - a potion of mutation {unknown}
 r - a potion of degeneration {unknown}
 s - a potion of curing {unknown}
 v - 2 potions of brilliance {unknown}
Comestibles
 e - 5 rations


   Skills:
 * Level 6.7 Fighting
 * Level 7.7 Axes
 + Level 6.1 Armour
 + Level 4.9 Dodging
 + Level 6.1 Shields


You had 8 spell levels left.
You didn't know any spells.
Your spell library was empty.

Dungeon Overview and Level Annotations

Branches:
Dungeon (8/15)             Temple (1/1) D:5
   Lair: D:8-11

Altars:
Ashenzari
Dithmenos
Elyvilon
Fedhas
Gozag
Hepliaklqana
Nemelex Xobeh
Sif Muna
Trog
Uskayaw
Vehumet
Wu Jian
Xom
Yredelemnul
Zin
The Shining One

Shops:
D:4 %   D:7 %

Annotations:
D:7 exclusion: oklob plant


Innate Abilities, Weirdness & Mutations

You are resistant to damage.
You can heal yourself by infusing magical energy.
You passively map the area around you.
You do not regenerate.


Message History

The orc shouts!
An orc is nearby!
An orc is nearby!
An orc is nearby!
You block the orc's attack.
You slash the orc!
You kill the orc!
No target in view!
No target in view!
No target in view!
No target in view!
No target in view!
No target in view!
No target in view!
No target in view!
No target in view!
You see here a +0 ring mail.
There is an open door here.
You are near starving!
You see here a +0 leather armour.
Partly explored, can't reach some places.
Partly explored, can't reach some places.
Partly explored, can't reach some places.
Partly explored, can't reach some places.
Partly explored, can't reach some places.
Partly explored, can't reach some places.
(D) Dungeon (T) Temple
Where to? (Enter - D:7, ? - help)
There is a stone staircase leading down here.
You climb downwards.
A bullfrog comes into view.
The bullfrog gives a loud, deep croak!
Found a stone staircase leading down.
There is a stone staircase leading up here.
A bullfrog is nearby!
A bullfrog is nearby!
A quokka zombie comes into view.
The bullfrog closely misses you. The bullfrog barely misses you.
You barely miss the bullfrog. You block the bullfrog's attack.
You closely miss the bullfrog. The bullfrog barely misses you.
The bullfrog hits you but does no damage.
You slash the bullfrog!
The bullfrog is heavily wounded.
You block the bullfrog's attack. The bullfrog closely misses you.
You hit the bullfrog.
The bullfrog is severely wounded.
You block the bullfrog's attack. The bullfrog completely misses you.
You miss the bullfrog.
The bullfrog is severely wounded.
The bullfrog hits you but does no damage.
You slash the bullfrog!
You kill the bullfrog!
You slash the quokka zombie!
You destroy the quokka zombie!
No target in view!
No target in view!
No target in view!
No target in view!
An electric eel comes into view.
You see here a bullfrog corpse.
An electric eel is nearby!
The electric eel shoots out a bolt of lightning at you!
The bolt of electricity hits you!
You enter the shallow water.
Moving in this stuff is going to be slow.
The electric eel shoots out a bolt of lightning at you!
The bolt of electricity hits you!
The electric eel shoots out a bolt of lightning at you!
The bolt of electricity hits you.
You enter the shallow water.
Moving in this stuff is going to be slow.
The electric eel shoots out a bolt of lightning at you!
The bolt of electricity hits you!
An electric eel comes into view.
You miss the electric eel.
The electric eel shoots out a bolt of lightning at you!
The bolt of electricity hits you.
You hit the electric eel.
The electric eel is lightly wounded.
The electric eel shoots out a bolt of lightning at you!
The bolt of electricity hits you!
You barely miss the electric eel.
The electric eel is lightly wounded.
The electric eel shoots out a bolt of lightning at you!
The bolt of electricity hits you!
You are too injured to fight recklessly!
You are too injured to fight recklessly!
You are too injured to fight recklessly!
You are too injured to fight recklessly!
You are too injured to fight recklessly!
You are too injured to fight recklessly!
You are too injured to fight recklessly!
You are too injured to fight recklessly!
You are too injured to fight recklessly!
You are too injured to fight recklessly!
You are too injured to fight recklessly!
You are too injured to fight recklessly!
You are too injured to fight recklessly!
You are too injured to fight recklessly!
Are you sure you want to abandon this character and quit the game? (Confirm with "yes".)

, ,≈ ≈ ≈ , ≈ , ,, * ,
.......#...#...#... , ,
...........≈.≈.≈.≈.≈.≈.;,≈
,, ..............#...#...#
, , ...........≈.≈.≈.≈.≈.≈
≈, ,
............#...#...#... ,
...........≈.≈.≈.≈.≈.≈.≈ ,
..............#...#...#.,
...........≈.≈.≈@;.≈.≈.≈
≈, , ,
.......<..†.#...#...#... ,
, ...........≈.≈.≈.≈.≈.≈.≈
≈ ,
..>...........#...#...#. ,
...........≈.≈.≈.≈.≈.≈.≈
,,
............#...#...#... ,
.............≈.≈.≈.≈.≈.≈
........................ *
..................., ,, ,


You could see 2 electric eels.

Vanquished Creatures
  Menkaure (D:5)
  Edmund (D:5)
  2 ice beasts
  2 sky beasts (D:6)
  An orc warrior (D:7)
  A phantom (D:4)
  A necrophage (D:7)
  3 ogres
  2 centaurs (D:5)
  A big kobold (D:4)
  4 bullfrogs
  A scorpion (D:4)
  A centaur zombie (D:6)
  2 hounds
  5 orc wizards
  A centaur skeleton (D:7)
  4 orc priests
  2 iguanas (D:5)
  2 worker ants (D:5)
  2 killer bee zombies (D:6)
  A hound zombie (D:7)
  2 worker ant zombies (D:6)
  Robin (D:4)
  8 gnolls
  6 adders
  An ooze (D:4)
  An adder zombie (D:6)
  An adder skeleton (D:7)
  A worm (D:2)
  2 leopard geckos (D:6)
  30 orcs
  2 giant cockroaches
  9 goblins (D:4)
  3 hobgoblins
  3 jackals (D:3)
  A quokka (D:5)
  A bat (D:1)
  2 frilled lizards (D:4)
  A jackal zombie (D:6)
  A kobold (D:3)
  A leopard gecko skeleton (D:7)
  2 quokka skeletons
  A quokka zombie (D:8)
  4 rats
124 creatures vanquished.

Notes
Turn   | Place    | Note
-------+----------+-------------------------------------------
     0 | D:1      | EnegeticOcto the Deep Dwarf Fighter began the quest for the
                  | Orb.
     0 | D:1      | Reached XP level 1. HP: 20/20 MP: 1/1
   155 | D:3      | Reached XP level 2. HP: 25/27 MP: 2/2
   238 | D:3      | Reached XP level 3. HP: 21/34 MP: 3/3
   320 | D:4      | Found Pueh's Food Boutique.
   363 | D:4      | Noticed a big kobold
   371 | D:4      | Killed a big kobold
   371 | D:4      | Reached skill level 3 in Axes
   371 | D:4      | Reached skill level 1 in Dodging
   371 | D:4      | Reached XP level 4. HP: 42/42 MP: 4/4
   387 | D:4      | Noticed a phantom
   458 | D:4      | Killed a phantom
   458 | D:4      | Reached XP level 5. HP: 41/50 MP: 5/5
   514 | D:4      | Reached skill level 4 in Axes
   537 | D:4      | Noticed Robin
   542 | D:4      | Reached XP level 6. HP: 57/57 MP: 6/6
   572 | D:4      | Killed Robin
   708 | D:4      | Found a sparkling altar of Nemelex Xobeh.
  1047 | D:5      | Entered Level 5 of the Dungeon
  1047 | D:5      | Noticed Menkaure
  1060 | D:5      | Killed Menkaure
  1060 | D:5      | Reached XP level 7. HP: 56/66 MP: 6/6
  1109 | D:5      | Reached skill level 5 in Axes
  1110 | D:5      | Found a staircase to the Ecumenical Temple.
  1121 | Temple   | Entered the Ecumenical Temple
  1499 | D:5      | Reached skill level 5 in Fighting
  1778 | D:5      | Reached skill level 5 in Shields
  1789 | D:5      | Reached XP level 8. HP: 50/74 MP: 6/6
  1790 | D:5      | Reached skill level 5 in Armour
  1934 | D:5      | Reached skill level 6 in Axes
  1955 | D:5      | Noticed Edmund
  1972 | D:5      | Killed Edmund
  2418 | D:6      | Reached skill level 7 in Axes
  2855 | D:7      | Found Besoefre's Food Boutique.
  2924 | D:7      | Gained mutation: You passively map the area around you.
                  | [Deep Dwarf growth]
  2924 | D:7      | Reached XP level 9. HP: 45/85 MP: 7/7
  2967 | D:7      | Found a blossoming altar of Fedhas.
  3482 | D:7      | Noticed an oklob plant
  3910 | D:8      | Quit the game

Levels and vault maps discovered:
D:1:      nicolae_arrival_somewhat_less_tricky_arrival, layout_basic,
          nrook_campfire
D:2:      layout_rooms, chequers_ecumenical_altar_grove
D:3:      gammafunk_wand_slinger, layout_basic, uniq_sigmund
D:4:      layout_basic, serial_shops,
          nicolae_shop_temple_entry_statues_fountains,
          chequers_serial_rivers_room_a, nemelex_dance_club_becter, uniq_robin
D:5:      layout_gridville, minmay_temple_entry_glass, first_ration,
          uniq_edmund, uniq_menkaure
D:6:      layout_gridville, serial_undead, serial_undead_e, serial_undead_b,
          serial_undead_d, serial_undead_e, minmay_misc_feat_iff
D:7:      layout_basic, serial_shops, nicolae_shop_behind_doors, tgw_fedhas
D:8:      layout_basic, david_lair_generic, kennysheep_crisscross,
          hangedman_ranch [blue_anna_fruit_fields], disabler_island
Temple:   nicolae_temple_elliptical

Skill      XL: |  1  2  3  4  5  6  7  8  9 |
---------------+----------------------------+-----
Fighting       | 3 4 5 6 |  6.7
Axes           | 3 4 5 7 |  7.7
Dodging        | 1 2 3 4 |  4.9
Armour         | 4 5 6 |  6.1
Shields        | 4 5 6 |  6.1

Action                   |  1- 3 |  4- 6 |  7- 9 || total
-------------------------+-------+-------+-------++-------
Melee: War axe           |    37 |   123 |   354 ||   514
 Abil: Heal Wounds       |     1 |     5 |    13 ||    19
  Use: Scroll            |       |       |     5 ||     5
  Eat: Chunk             |       |     1 |     8 ||     9
Armor: Scale mail        |    23 |    27 |   157 ||   207
       Chain mail        |       |       |    20 ||    20
Dodge: Dodged            |    14 |    28 |   160 ||   202
Block: Kite shield       |    24 |    50 |   245 ||   319

Table legend:
 A = Non-vault XP
 B = Vault XP
 C = Vault XP percentage of total XP
 D = Non-vault monster count
 E = Vault monster count
 F = Vault count percentage of total count
                 A         B        C        D         E       F
            +---------+---------+-------+---------+---------+-------
      Total |    3019 |     520 |  14.7 |     101 |      23 |  18.5
            +---------+---------+-------+---------+---------+-------
        D:1 |       1 |       0 |   0.0 |       1 |       0 |   0.0
        D:2 |       8 |       0 |   0.0 |       4 |       0 |   0.0
        D:3 |      35 |       0 |   0.0 |      11 |       0 |   0.0
        D:4 |     526 |      46 |   8.0 |      14 |      14 |  50.0
        D:5 |     894 |     331 |  27.0 |      25 |       2 |   7.4
        D:6 |     740 |     143 |  16.2 |      20 |       7 |  25.9
        D:7 |     718 |       0 |   0.0 |      24 |       0 |   0.0
        D:8 |      97 |       0 |   0.0 |       2 |       0 |   0.0
            +---------+---------+-------+---------+---------+-------
